Map: Orbital Shipyard

Players

sandara

  • Race: Zerg Zerg
  • League: Platinum

Wellmet - Winner!

  • Race: Terran Terran
  • League: Platinum

VOD

Have the link to the VOD?

Description

Time

  • Played on: Nov. 11, 2015, 11:06 a.m.
  • Length: 20:45
Show
View Real Time Build Order
Export as new Build Order

sandara Zerg 

Build Orders: Hatch First, Muta Ling Bane 

Get SALT Encoding   

  12  0:00  Drone  
  13  0:08  Drone  
  14  0:17  Overlord  
  14  0:23  Drone, Extractor  
  14  0:27  Extractor  
  13  0:29  Drone  
  13  0:35  Drone  
  17  0:54  Hatchery  
  17  0:56  Extractor  
  15  1:08  Spawning Pool  
  14  1:11  Drone  
  14  1:15  Drone  
  16  1:24  Overlord  
  16  1:30  Drone  
  17  1:33  Drone  
  18  1:44  Drone  
  19  1:57  Metabolic Boost  
  19  1:58  Queen  
  19  2:00  Zergling x2  
  22  2:06  Zergling x2  
  23  2:12  Queen  
  23  2:15  Zergling x2  
  26  2:22  Zergling x4  
  28  2:30  Zergling x4  
  29  2:37  Queen  
  31  2:48  Queen  
  32  2:56  Zergling x6  
  32  2:58  Overlord  
  35  3:19  Drone x6  
  41  3:22  Overlord  
  41  3:28  Drone x3  
  44  3:42  Drone x3  
  44  3:46  Drone x3  
  49  3:59  Drone x2  
  49  4:02  Extractor  
  49  4:03  Extractor  
  49  4:04  Drone x3  
  49  4:09  Drone  
  46  4:14  Extractor  
  45  4:23  Drone x2  
  47  4:26  Drone  
  47  4:29  Drone  
  49  4:36  Drone x3  
  52  4:38  Roach Warren, Overlord  
  52  4:39  Overlord  
  52  4:40  Overlord  
  52  4:44  Hatchery  
  50  4:48  Zergling x2  
  50  4:49  Zergling x2  
  52  4:58  Lair, Drone x2  
  47  5:26  Drone  
  47  5:27  Drone x5  
  53  5:39  Drone x4  
  53  5:40  Baneling Nest  
  56  5:48  Zergling x4  
  58  5:57  Zergling x6  
  59  6:00  Drone  
  59  6:02  Spire  
  59  6:04  Extractor  
  60  6:08  Extractor  
  59  6:12  Drone x3  
  59  6:13  Drone  
  59  6:14  Drone x2  
  59  6:15  Zergling x2  
  59  6:16  Zergling x2  
  67  6:21  Drone  
  67  6:25  Overseer  
  68  6:29  Centrifical Hooks  
  68  6:31  Drone x6  
  74  6:50  Overlord  
  74  6:51  Overlord x8  
  74  7:16  Mutalisk, Zerg Flyer Weapons Level 1  
  74  7:17  Mutalisk x8  
  74  7:21  Drone x4  
  96  7:38  Drone x3  
  96  7:40  Evolution Chamber  
  96  7:41  Evolution Chamber  
  96  7:42  Mutalisk x5  
  107  7:59  Hatchery  
  106  8:06  Mutalisk x5, Extractor  
  106  8:10  Extractor  
  106  8:11  Baneling x6  
  106  8:12  Baneling  
  114  8:16  Zerg Ground Armor Level 1  
  114  8:27  Zerg Melee Weapons Level 1  
  114  8:39  Drone x3  
  114  8:40  Drone x2  
  114  8:41  Drone x2  
  120  8:42  Drone x9  
  120  8:47  Overseer x2  
  130  8:49  Pneumatized Carapace  
  130  9:20  Mutalisk  
  130  9:21  Mutalisk x7  
  140  9:35  Zergling x4  
  140  9:36  Zergling x4  
  144  9:56  Overlord x2  
  144  9:57  Overlord x6  
  144  9:58  Overlord x3  
  144  10:00  Overlord x3  
  144  10:09  Zerg Flyer Weapons Level 2  
  144  10:12  Zerg Ground Armor Level 2  
  144  10:14  Queen  
  144  10:15  Infestation Pit  
  144  10:21  Overseer  
  145  10:31  Drone x6  
  145  10:32  Drone x4, Infestation Pit  
  154  10:37  Zerg Melee Weapons Level 2  
  154  10:38  Zergling x18  
  154  10:39  Zergling x4  
  165  10:45  Extractor  
  165  10:48  Hatchery, Drone  
  164  10:51  Drone x3  
  164  10:52  Extractor  
  166  11:10  Hive  
  166  11:11  Drone x3  
  169  11:20  Mutalisk x4  
  169  11:21  Mutalisk x6  
  187  11:41  Mutalisk x6  
  199  12:05  Zergling x2  
  200  12:09  Baneling x7  
  200  12:10  Baneling x16  
  200  12:17  Baneling  
  200  12:18  Baneling x7  
  200  12:22  Overseer  
  200  12:29  Hatchery  
  199  12:30  Extractor  
  199  12:31  Extractor  
  161  12:40  Zergling x2  
  161  12:41  Zergling x42  
  161  12:42  Zergling x12  
  154  12:46  Queen  
  154  12:49  Zergling x2  
  157  12:53  Zergling x8  
  157  12:55  Zerg Ground Armor Level 3  
  157  12:56  Zerg Melee Weapons Level 3  
  157  12:57  Adrenal Glands  
  161  13:00  Zerg Flyer Weapons Level 3  
  161  13:01  Baneling x3  
  161  13:02  Baneling x8  
  161  13:03  Baneling x12  
  161  13:04  Zergling x2  
  161  13:05  Zergling x8  
  166  13:06  Baneling x2  
  166  13:07  Baneling x8  
  166  13:09  Baneling x2  
  166  13:10  Baneling  
  166  13:11  Zergling x2  
  167  13:15  Zergling x2  
  167  13:16  Zergling x24  
  180  13:20  Mutalisk x2  
  180  13:21  Mutalisk  
  171  13:37  Mutalisk x4  
  171  13:40  Zergling x2  
  183  13:41  Zergling x10  
  185  13:50  Mutalisk x3  
  185  13:51  Mutalisk  
  191  13:57  Mutalisk  
  191  13:58  Mutalisk  
  191  14:00  Zergling x6  
  191  14:01  Zergling x4  
  117  14:26  Corruptor x3  
  117  14:27  Corruptor x4  
  117  14:30  Zergling x4  
  117  14:31  Zergling x12  
  139  14:32  Baneling  
  139  14:33  Baneling x7  
  139  14:41  Drone x2  
  141  14:46  Zergling x6  
  141  14:49  Drone  
  141  14:51  Zergling x8  
  141  14:52  Zergling x26  
  162  14:54  Baneling x4  
  141  15:10  Zergling x2  
  141  15:11  Zergling x16  
  142  15:15  Overlord x3, Corruptor x2  
  146  15:32  Hydralisk Den  
  146  15:33  Zerg Missile Weapons Level 1  
  145  15:36  Drone x8  
  145  15:37  Drone x4  
  157  15:43  Zergling x2  
  157  15:44  Zergling x16  
  166  16:17  Drone x3  
  162  16:25  Muscular Augments  
  162  16:31  Drone  
  157  16:36  Hydralisk  
  157  16:37  Hydralisk x19  
  157  16:38  Hydralisk x2  
  196  16:49  Overlord x3  
  196  17:10  Hydralisk  
  196  17:11  Hydralisk  
  196  17:12  Hatchery  
  199  17:31  Extractor x2  
  195  17:49  Hydralisk x6  
  195  17:50  Hydralisk x13  
  190  17:58  Zerg Missile Weapons Level 2  
  190  17:59  Hydralisk x4  
  198  18:25  Zergling x2  
  198  18:26  Zergling x38  
  198  18:27  Zergling x24  
  192  18:33  Zergling x2  
  168  18:34  Zergling x12  
  151  18:51  Drone x2  
  151  18:53  Drone x3  
  151  18:54  Drone x6  
  151  18:55  Drone  
  148  18:58  Corruptor  
  144  19:05  Zergling x2  
  144  19:06  Zergling x8  
  135  19:10  Zergling x2  
  135  19:11  Zergling x10  
  135  19:15  Queen  
  140  19:21  Overseer  
  140  19:22  Overseer x2  
  140  19:23  Corruptor  
  138  19:24  Corruptor x8  
  138  19:27  Spore Crawler  
  138  19:28  Drone  
  138  19:30  Spore Crawler  
  150  19:39  Spore Crawler  
  150  19:41  Spore Crawler  
  143  19:46  Spore Crawler  
  143  19:51  Spore Crawler  
  108  20:27  Zergling x2  
  108  20:28  Zergling x10  
Show
View Real Time Build Order
Export as new Build Order

Wellmet Terran - Winner!

Build Orders: Reaper Expand, MMM Bio 

Get SALT Encoding   

  12  0:01  SCV  
  13  0:13  SCV  
  14  0:17  Supply Depot  
  14  0:25  SCV  
  15  0:39  SCV, Barracks  
  16  0:43  Refinery  
  16  0:51  SCV  
  17  1:03  SCV  
  18  1:15  SCV  
  19  1:27  Reaper  
  19  1:28  Orbital Command  
  20  1:44  Command Center  
  20  1:55  SCV  
  20  1:56  Supply Depot  
  21  2:05  Barracks Reactor  
  21  2:07  SCV  
  22  2:19  SCV  
  23  2:27  Factory  
  24  2:37  SCV  
  24  2:42  Marine x2  
  26  2:51  SCV  
  26  2:54  Command Center  
  26  2:57  Orbital Command  
  27  3:04  SCV  
  27  3:05  Refinery  
  28  3:13  Starport  
  28  3:19  Hellion  
  30  3:21  Hellion  
  30  3:22  SCV  
  30  3:25  SCV  
  34  3:31  Barracks Tech Lab  
  32  3:34  SCV  
  32  3:40  Hellion  
  34  3:42  Hellion  
  36  3:50  Medivac  
  38  4:01  Hellion  
  38  4:02  Marine  
  33  4:16  Orbital Command  
  33  4:21  SCV x2  
  33  4:24  Marine  
  36  4:33  SCV x2  
  36  4:38  Hellion x2  
  42  4:45  Supply Depot, SCV x3  
  43  4:49  Stimpack  
  45  4:54  Marine  
  45  4:57  SCV x2  
  45  4:58  Supply Depot  
  48  5:03  SCV  
  49  5:09  SCV  
  49  5:10  SCV  
  50  5:15  SCV  
  50  5:18  Marine  
  46  5:21  Orbital Command  
  46  5:22  SCV  
  46  5:24  Starport Reactor  
  46  5:27  SCV  
  49  5:32  Barracks  
  49  5:33  Factory Reactor  
  49  5:34  SCV  
  49  5:37  Barracks  
  49  5:38  Barracks  
  49  5:39  SCV  
  49  5:42  Engineering Bay, Marine  
  51  5:43  Refinery, Engineering Bay  
  51  5:44  Refinery  
  51  5:48  SCV x2  
  53  5:53  SCV  
  54  6:00  SCV, Bunker, Marine  
  54  6:04  SCV  
  57  6:05  SCV  
  58  6:12  SCV  
  58  6:13  Starport Reactor  
  58  6:15  Terran Infantry Weapons Level 1  
  58  6:16  Terran Infantry Armor Level 1, SCV  
  60  6:23  SCV  
  60  6:24  SCV  
  62  6:27  Factory Tech Lab  
  62  6:28  Supply Depot x2, Marauder, Marine x4  
  62  6:31  SCV  
  69  6:35  Supply Depot  
  69  6:47  Barracks  
  69  6:48  Missile Turret, Barracks  
  69  6:49  Barracks, Marine x3  
  69  6:51  Marine x2  
  69  6:52  Missile Turret  
  69  6:53  Missile Turret  
  74  6:55  Supply Depot  
  74  6:57  Liberator x2  
  74  6:58  Marine x2  
  74  6:59  Supply Depot  
  74  7:00  Siege Tank  
  79  7:07  Marine  
  84  7:11  Marine x3  
  89  7:18  Marine x2  
  89  7:21  Marauder  
  89  7:22  Refinery  
  93  7:28  Armory  
  93  7:31  Combat Shields  
  93  7:32  Siege Tank  
  93  7:34  Marine x3  
  99  7:37  Barracks Reactor  
  99  7:38  Barracks Reactor, Barracks Tech Lab  
  99  7:41  Liberator  
  99  7:42  Marine x2  
  101  7:49  Marine x2  
  103  7:56  Command Center, Liberator  
  103  7:57  Marine x2  
  103  7:58  Marine  
  106  8:04  Marine  
  109  8:13  Supply Depot, Marine x3  
  109  8:15  Marine  
  109  8:16  Concussive Shells  
  109  8:19  Supply Depot  
  116  8:22  Marine  
  116  8:24  Supply Depot  
  117  8:29  Supply Depot  
  117  8:32  Terran Infantry Armor Level 2  
  117  8:34  Marine x3  
  117  8:36  Terran Infantry Weapons Level 2  
  117  8:37  Liberator  
  117  8:41  Liberator  
  120  8:42  Marine x2  
  120  8:43  Marine x3  
  120  8:45  Marine  
  120  8:46  Marine  
  127  8:55  Marine x3  
  133  9:01  Marine  
  133  9:02  Marine  
  138  9:12  Marine x2  
  138  9:13  Supply Depot x2  
  136  9:20  Liberator  
  136  9:21  Marine x3  
  130  9:30  Starport  
  129  9:31  SCV x2  
  129  9:32  Marine x3  
  129  9:37  Marine x2  
  139  9:39  Terran Vehicle Weapons Level 1  
  139  9:40  Marine x3  
  142  9:47  Marine x2  
  142  9:49  Medivac  
  146  9:55  Marine x2  
  146  9:56  Marine x3  
  151  10:00  Command Center  
  151  10:02  Marine  
  151  10:03  Marine x2  
  150  10:09  Starport Reactor  
  150  10:12  SCV x2, Marine x2  
  154  10:16  Marauder  
  156  10:22  Marine x3  
  156  10:23  Supply Depot, Medivac x2  
  156  10:24  Supply Depot  
  156  10:26  Supply Depot  
  156  10:27  Marine  
  164  10:33  Missile Turret  
  164  10:38  Planetary Fortress, Liberator  
  164  10:44  SCV x2, Marauder x2, Marine x2  
  164  10:45  Marine x3  
  164  10:47  Supply Depot  
  175  10:53  Siege Tank  
  181  10:58  SCV x2  
  181  11:03  Supply Depot, Liberator  
  182  11:06  Marauder  
  182  11:08  Terran Infantry Weapons Level 3  
  184  11:15  Terran Infantry Armor Level 3  
  184  11:18  Liberator  
  183  11:24  Marine  
  183  11:25  Marine x6  
  190  11:28  Refinery  
  190  11:30  Liberator  
  190  11:31  Refinery  
  188  11:32  Refinery  
  188  11:36  Marine x3  
  188  11:39  Marine x2  
  188  11:49  Marine x3, Liberator  
  188  11:50  Marine  
  195  11:57  Marine x2  
  195  11:58  Missile Turret x2  
  195  11:59  Missile Turret  
  200  12:17  Missile Turret  
  200  12:25  Liberator x2  
  163  12:38  Liberator x2  
  126  12:44  Marine  
  126  12:45  Marine x11  
  144  13:02  Marine x3  
  144  13:03  Marine x9  
  156  13:15  Starport, Liberator  
  156  13:16  Liberator  
  156  13:17  Starport  
  156  13:20  Marine x3  
  156  13:21  Liberator x2, Marine  
  156  13:24  Command Center  
  160  13:29  Marine  
  161  13:34  Marine x3  
  161  13:38  Marine x2  
  170  13:49  SCV x3  
  170  13:51  Marine x2  
  169  13:55  Starport Reactor  
  169  13:56  Starport Tech Lab  
  169  13:59  Planetary Fortress  
  169  14:00  Marine  
  168  14:04  Marine x3  
  168  14:06  Liberator  
  168  14:07  Liberator  
  149  14:17  Liberator x2  
  149  14:18  Marine x4  
  149  14:19  Marine  
  149  14:20  Missile Turret  
  122  14:25  Missile Turret, Marine x2  
  124  14:31  Liberator  
  124  14:32  Liberator  
  124  14:35  Marine x3  
  133  14:46  Marine  
  133  14:47  Marauder  
  142  14:55  Liberator  
  142  14:56  Liberator  
  142  15:03  Marine  
  142  15:04  Marine x2  
  142  15:05  Marine x7  
  142  15:06  Marine  
  140  15:08  Marine  
  136  15:21  Marine x2  
  136  15:22  Marine  
  136  15:23  Marine x8  
  136  15:24  Liberator  
  136  15:25  Marine  
  148  15:29  Barracks x2  
  148  15:33  Starport  
  148  15:37  Fusion Core  
  148  15:38  SCV x2  
  148  15:39  Marine x3  
  148  15:40  Marine  
  148  15:41  Marine  
  158  15:44  Liberator x2  
  158  15:49  Marine x3  
  161  15:55  Marine x2  
  163  15:59  Marine x2  
  163  16:02  Liberator  
  171  16:11  Command Center, Starport Tech Lab  
  171  16:17  Marine x3  
  171  16:18  Marine  
  175  16:23  Barracks Reactor  
  175  16:27  Barracks Reactor, Marine  
  175  16:28  Marine x4  
  175  16:31  Starport Tech Lab  
  180  16:33  Cloaking Field, Liberator  
  180  16:38  Advanced Ballistics  
  180  16:39  Marine x3  
  184  16:40  Marauder, Marine  
  184  16:42  Marine x2  
  184  16:45  Terran Vehicle And Ship Armor Level 1  
  185  16:49  Marine x2  
  185  16:53  Planetary Fortress  
  190  16:55  Missile Turret  
  190  16:57  Banshee  
  193  17:04  Marine x2  
  195  17:09  Marine x3  
  195  17:10  Marauder  
  200  17:28  Hyperflight Rotors  
  194  17:49  Banshee  
  194  17:50  Banshee x2, Marine  
  159  17:51  Marine x15  
  159  17:56  Siege Tank  
  164  17:59  Viking x2  
  168  18:08  Marine  
  168  18:09  Marine x15  
  168  18:11  Command Center  
  168  18:12  Liberator x2  
  184  18:26  Marine  
  184  18:27  Marine x10  
  158  18:28  Siege Tank  
  158  18:32  Banshee  
  155  18:36  Marine  
  155  18:37  Medivac x2  
  155  18:41  Medivac  
  157  18:50  Medivac  
  157  18:52  Marine  
  157  18:53  Marine x14  
  157  18:54  Marine  
  123  19:10  Banshee, Marine  
  123  19:11  Marine x6  
  123  19:15  Banshee  
  133  19:19  Orbital Command  
  133  19:20  Marine x4  
  133  19:21  Liberator, Marauder x2  
  133  19:23  Marine  
  133  19:24  Marine x2  
  143  19:28  Marine  
  145  19:33  Marine x3  
  145  19:35  Marine x3  
  151  19:40  Marine, Liberator  
  151  19:41  Marine  
  151  19:42  Marauder  
  155  19:48  Refinery x2  
  155  19:49  Marine x7  
  155  19:51  Marine x3  
  162  19:53  Marine x2  
  162  19:58  Marine x2  
  162  19:59  Marine  
  167  20:00  Barracks  
  167  20:05  Refinery x2  
  167  20:07  Siege Tank, Marine x3  
  167  20:08  Marine x2  
  157  20:22  Marine  
  157  20:23  Marine  
Tags
 
Add a new tag
Caveats
  • Supply blocks, unpowered buildings, or Contaminate may cause inaccurate times.
  • Supply counts are checked every 10 seconds.